AoeStats
← Jar3p0

Arabia

509905361Analyzed
1v1 RM · 4d ago on Sep 28, 2026· 38m 41s· 2 players
Game mode
Random Map
Map size
Tiny (2 player)
Population
200
Speed
Normal
Resources
Standard
Victory
Conquest
Starting age
Dark Age
Ending age
Imperial Age
RankedLock teamsTeams togetherTeam positionsShared explorationLock speedFull tech treeHidden civsTurbo modeCheats
Victory
Defeat
🇦🇷 Britons · Argentina
1204
+14
🇺🇸 Italians · United States
1169
-14
camel
5:11 Loom
6:58 Loom
10:05 Feudal Age
11:26 Double-Bit Axe
15:39 Wheelbarrow
18:32 Castle Age
16:44 Horse Collar
17:50 Gold Mining
18:37 Crossbowman
19:11 Fletching
19:43 Bow Saw
20:18 Heavy Plow
21:18 Padded Archer Armor
22:40 Bodkin Arrow
24:27 Gold Shaft Mining
26:28 Ballistics
29:43 Pikeman
Jar3p0
7:34 Loom
9:41 Feudal Age
16:41 Castle Age
14:36 Double-Bit Axe
22:00 Horse Collar
22:46 Scale Barding Armor
25:59 Elite Skirmisher
27:03 Bow Saw
27:38 Bloodlines
28:11 Chain Barding Armor
28:21 Husbandry
28:42 Forging
28:40 Fletching
28:53 Padded Archer Armor
29:40 Forging
32:05 Bodkin Arrow
32:10 Padded Archer Armor
36:09 Forging
37:51 Leather Archer Armor
Connection lost

Rejoining the realm…

Still unreachable

The connection could not be restored.

Session expired

The server has moved on; the page needs a fresh start.